 Dungeon Crawl Stone Soup version 0.16.2-12-gd0ad4c3 (webtiles) character file.

104 Kloppie the Skirmisher (level 4, -13/30 HPs)
             Began as a Gargoyle Fighter on Nov 1, 2015.
             Mangled by Sigmund
             ... wielding a +2 scythe of freezing
              (17 damage)
             ... on level 3 of the Dungeon.
             The game lasted 00:03:09 (1646 turns).

Kloppie the Skirmisher (Gargoyle Fighter)           Turns: 1646, Time: 00:03:09

Health: -13/30     AC: 10    Str: 26    XL:     4   Next: 80%
Magic:  4/4        EV:  7    Int:  8    God:
Gold:   103        SH:  9    Dex:  9    Spells: 0 memorised, 3 levels left

rFire  . . .     SeeInvis .     a - +0 flail
rCold  . . .     Clarity  .     b - +0 scale mail
rNeg   + . .     SustAb   .     c - +0 shield
rPois  ∞         Gourm    .     (no helmet)
rElec  +         Spirit   .     (no cloak)
rCorr  .         Warding  .     (no gloves)
rMut   .         Stasis   .     (no boots)
MR     .....                    (no amulet)
Stlth  ..........               (no ring)
                                (no ring)

@: mighty, not resistant to hostile enchantments, extremely unstealthy
A: negative energy resistance 1, electricity resistance, unbreathing,
petrification resistance, rot immunity, AC +3
a: no special abilities


You were on level 3 of the Dungeon.
You were not hungry.

You visited 1 branch of the dungeon, and saw 3 of its levels.

You collected 103 gold pieces.

Inventory:

Hand weapons
 a - a +0 flail (weapon)
Missiles
 j - 8 javelins (quivered)
Armour
 b - a +0 scale mail (worn)
 c - a +0 shield (worn)
Jewellery
 n - a cursed -2 ring of intelligence {unknown}
 o - an uncursed ring of sustain abilities {unknown}
 s - a cursed -2 ring of protection {unknown}
Scrolls
 f - a scroll of enchant armour {unknown}
 g - 2 scrolls of teleportation {unknown}
 k - a scroll of enchant weapon {unknown}
 l - 2 scrolls of identify {unknown}
 m - 3 scrolls of noise {unknown}
 p - a scroll of immolation {unknown}
 u - a scroll of magic mapping {unknown}
Potions
 q - a potion of heal wounds {unknown}
 r - a potion of restore abilities {unknown}
 t - a potion of curing {unknown}
Comestibles
 d - 2 bread rations
 h - 2 beef jerkies
 i - 3 fruits
 v - 2 chunks of flesh


   Skills:
 + Level 4.7 Fighting
 + Level 3.6 Maces & Flails
 - Level 3.2 Armour
 - Level 3.2 Shields


You had 3 spell levels left.
You didn't know any spells.

Dungeon Overview and Level Annotations

Branches:
Dungeon (3/15)

Altars:

Annotations:
D:2 Ijyb
D:3 Sigmund


Innate Abilities, Weirdness & Mutations

You are resistant to torment.
You are immune to poison.
Your stone body is very resilient (AC +3).
You resist negative energy.
You are resistant to electric shocks.
You can survive without breathing.
You are immune to petrification.
You are immune to rotting.


Message History

Something hits you. Something freezes you.
You sock something! Something hits you but does no damage.
You miss something. Something hits you!
* * * LOW HITPOINT WARNING * * *
Something freezes you.
* * * LOW HITPOINT WARNING * * *
You sock something! You barely miss something. Something hits you.
* * * LOW HITPOINT WARNING * * *
Something freezes you.
* * * LOW HITPOINT WARNING * * *
You sock something!
You hear some strange, mumbled words.
A puff of flame appears from out of thin air!
The puff of flame hits you!
* * * LOW HITPOINT WARNING * * *
You miss something. Something hits you but does no damage.
You completely miss something. Something hits you!
Ouch! That really hurt!
You die...

###).# ## ##...##
##..### ..##
#..##
......##.####
#.......#
#####.)..###
#.....{....#
.....###@...#....
.. #....# ###
...### ....#
..#... #####.##
#.# .. .


There were no monsters in sight!

Vanquished Creatures
  3 adders
  3 gnolls
  2 worms (D:2)
  2 oozes
  A ball python (D:1)
  3 bats
  2 hobgoblins
  A giant newt (D:1)
  4 goblins
  5 kobolds
  11 rats
37 creatures vanquished.

Notes
Turn   | Place    | Note
--------------------------------------------------------------
     0 | D:1      | Kloppie, the Gargoyle Fighter, began the quest for the Orb.
     0 | D:1      | Reached XP level 1. HP: 14/14 MP: 1/1
    94 | D:1      | Reached XP level 2. HP: 13/20 MP: 2/2
   900 | D:2      | Reached XP level 3. HP: 21/24 MP: 3/3
   939 | D:1      | Reached skill level 4 in Fighting
   965 | D:2      | Reached XP level 4. HP: 24/29 MP: 4/4
  1179 | D:2      | Noticed Ijyb
  1627 | D:3      | Noticed Sigmund
  1646 | D:3      | Mangled by Sigmund

Action                   |  1- 3 |  4- 6 || total
-------------------------+-------+-------++-------
Melee: Flail             |    95 |    83 ||   178
  Use: Potion            |       |     1 ||     1
  Eat: Chunk             |       |     3 ||     3
